 Dungeon Crawl Stone Soup version 0.18-a0-1526-gcb34c7c (webtiles) character file.

67 dorian the Insei (level 3, 0/40 HPs)
             Began as a Demigod Transmuter on Mar 8, 2016.
             Succumbed to an adder's poison
             ... on level 2 of the Dungeon.
             The game lasted 00:03:34 (1697 turns).

dorian the Insei (Demigod Transmuter)               Turns: 1697, Time: 00:03:35

Health: 0/40       AC:  5    Str: 17 (18) XL:     3   Next: 72%
Magic:  8/8        EV: 11    Int: 18 (19) God:
Gold:   130        SH:  0    Dex: 15 (16) Spells: 2 memorised, 1 level left

rFire  . . .     SeeInvis .       - Unarmed
rCold  . . .     Gourm    .     k - +0 ring mail
rNeg   . . .     Faith    .     (no shield)
rPois  .         Spirit   .     (no helmet)
rElec  .         Dismiss  .     (no cloak)
rCorr  .         Reflect  .     (no gloves)
SustAt +         Harm     .     (no boots)
MR     .....                    (no amulet)
Stlth  ..........               (no ring)
                                (no ring)

@: berserking, lethally poisoned (0 -> -9), flying, very quick, not resistant to
hostile enchantments, extremely unstealthy
A: high mp 1, sustain attributes
a: no special abilities


You were on level 2 of the Dungeon.
You were hungry.

You visited 1 branch of the dungeon, and saw 3 of its levels.

You collected 130 gold pieces.

Inventory:

Missiles
 a - 39 arrows
 q - 5 tomahawks (quivered)
Armour
 b - a +0 robe
 k - a +0 ring mail (worn)
Scrolls
 f - a scroll of identify {unknown}
 g - a scroll of remove curse {unknown}
 l - a scroll of fog {unknown}
 m - a scroll of immolation {unknown}
 n - a scroll of blinking {unknown}
 p - 2 scrolls of random uselessness {unknown}
Potions
 h - a potion of degeneration
 i - 3 potions of flight
 r - a potion of might {unknown}
Books
 c - a book of Changes

   Spells                             Type                      Level
   a - Beastly Appendage              Transmutation                1
   b - Sticks to Snakes               Transmutation                2
   c - Spider Form                    Transmutation/Poison         3
   d - Ice Form                       Ice/Transmutation            4
   e - Blade Hands                    Transmutation                5
Comestibles
 d - 4 bread rations
 o - a meat ration


   Skills:
 - Level 0.8 Fighting
 - Level 1.7 Dodging
 + Level 4.4 Unarmed Combat
 - Level 1.7 Spellcasting
 - Level 1.7 Transmutations


You had one spell level left.
You knew the following spells:

 Your Spells              Type           Power        Failure   Level  Hunger
a - Beastly Appendage     Trmt           #.....       17%         1    #......
b - Spider Form           Trmt/Pois      #.........   80%         3    ###....


Dungeon Overview and Level Annotations

Branches:
Dungeon (3/15)


Innate Abilities, Weirdness & Mutations

You have an increased reservoir of magic (+10% MP).
Your attributes are resistant to harm.


Message History

* * * LOW HITPOINT WARNING * * *
You feel sick. The adder bites you but does no damage.
Drink which item? (? for menu, Esc to quit)
It was a potion of berserk rage.
A red film seems to cover your vision as you go berserk!
You feel yourself moving faster!
You feel mighty!
* * * LOW HITPOINT WARNING * * *
You feel sick. The adder bites you.
* * * LOW HITPOINT WARNING * * *
The adder closely misses you.
You are too berserk!
You barely miss the adder.
The adder is lightly wounded.
You hit the adder.
The adder is severely wounded.
* * * LOW HITPOINT WARNING * * *
You feel sick. The adder closely misses you.
You closely miss the adder.
The adder is severely wounded.
You die...

####.....# #.##..<..#..####......
..####'#####.....##.#.........###
.).......#....................###
.........###..#..................
.........###.............##.####.
.........#...###.##.###..##.##...
..########.#.###.##.#.......#####
..# #.......S....#..##...... ..#
###'###@##.........###.# .##
##.....)...........###.# .#
#'......>##........##..# .#
##........#<.......>...#
.##########........#.........#...
##.........##+##...#.........#.##
#.#######)##.##...##........#.##
#.#........[.##.............#.##
#.#..........###..........)...##


You could see an adder.

Vanquished Creatures
  A worm (D:2)
  7 dart slugs
  An orc (D:2)
  3 ball pythons (D:1)
  5 giant cockroaches
  3 goblins (D:1)
  7 hobgoblins
  4 kobolds
  A quokka (D:2)
  4 bats
  A giant newt (D:1)
  11 rats
48 creatures vanquished.

Notes
Turn   | Place    | Note
--------------------------------------------------------------
     0 | D:1      | dorian the Demigod Transmuter began the quest for the Orb.
     0 | D:1      | Reached XP level 1. HP: 15/15 MP: 5/5
   155 | D:1      | Reached skill level 3 in Unarmed Combat
   197 | D:1      | Reached XP level 2. HP: 14/22 MP: 5/7
   911 | D:2      | Reached XP level 3. HP: 27/27 MP: 8/8
   971 | D:2      | Reached skill level 4 in Unarmed Combat
  1245 | D:2      | Learned a level 3 spell: Spider Form
  1694 | D:2      | HP: 2/40 [adder (4)]
  1697 | D:2      | Succumbed to an adder's poison

Vault maps used:
D:1:      dpeg_arrival_connections, kennysheep_pointless_box,
          hangedman_decor_points, minmay_shallow_snake_nest
D:2:      first_bread
D:3:      grunt_qazlal_sundering, uniq_natasha

Skill      XL: |  1  2  3 |
---------------+----------+-----
Unarmed Combat | 3 4 |  4.4
Fighting       | |  0.8
Dodging        | |  1.7
Spellcasting   | |  1.7
Transmutations | |  1.7

Action                   || total
-------------------------++-------
Melee: Unarmed           ||   161
 Cast: Beastly Appendage ||     6
  Use: Potion            ||     4
  Eat: Chunk             ||     2
